 Dungeon Crawl Stone Soup version 0.30.1-11-g7821555f0a (webtiles) character file.

Game seed: 14945887503595247425

1902099 HOAXBANE the Slayer (level 27, 245/245 HPs)
             Began as a Human Artificer on Nov 23, 2023.
             Was a High Priest of Okawaru.
             Escaped with the Orb
             ... and 4 runes on Nov 28, 2023!
             The game lasted 11:23:41 (103106 turns).

HOAXBANE the Slayer (Human Artificer)             Turns: 103106, Time: 11:23:41

Health: 245/245    AC: 38    Str: 18    XL:     27
Magic:  6/32       EV: 26    Int: 10    God:    Okawaru [*****.]
Gold:   1795       SH: 41    Dex: 32    Spells: 26/26 levels left

rFire   + + .        q - +6 double sword "Orent" {freeze, Int+3}
rCold   + . .        H - +10 tower shield of Ignorance {rN+ Int-4}
rNeg    + . .        t - +10 storm dragon scales {Bai Suzhen}
rPois   +            l - +2 hat {Will+}
rElec   +            C - scarf {rC+ rF+}
rCorr   .            O - +3 Mad Mage's Maulers {Infuse+∞ VampMP -Cast}
SInv    .            R - +2 pair of slick slippers {slick, slippery, EV+4}
Will    ++++.        G - amulet of reflection
Stlth   ++           b - ring "Utiuritt" {rPois Str+6 Dex+3 Slay+2}
HPRegen 0.60/turn    M - ring of Lopriesaj {rF+ Will+ Stlth+}
MPRegen 0.23/turn

%: no spellcasting, reflection, infuse magic (6 MP)
@: studying 4 skills
A: agile 1, deterioration 1, dopey 1, low MP 1, screaming 2, shaggy fur 1,
teleportitis 1, inability to drink after injury 1
0: Orb of Zot
}: 4/15 runes: barnacled, slimy, silver, gossamer
a: Renounce Religion, Heroism, Finesse, Duel


You escaped.
You worshipped Okawaru.
Okawaru was extremely pleased with you.
You visited 11 branches of the dungeon, and saw 53 of its levels.
You visited the Abyss 2 times.
You also visited: Trove, Ice Cave, Volcano and Desolation.

You collected 8612 gold pieces.
You spent 6817 gold pieces at shops.

Inventory:

Hand Weapons
 q - the +6 double sword "Orent" (weapon) {freeze, Int+3}
   (Okawaru gifted it to you on level 5 of the Lair of Beasts)

   Int:       It affects your intelligence (+3).
 u - the +7 Throatcutter {drain, coup de grace}
   (Okawaru gifted it to you on level 4 of the Depths)
 V - a +3 longbow of flaming
Armour
 l - a +2 hat of willpower (worn)
 t - +10 storm dragon scales (worn) {Bai Suzhen}
 C - a scarf of resistance (worn)
 D - the +0 crystal plate armour of Analysis {rC+ rN+ Stlth+}
   (You found it on level 3 of the Elven Halls)

   rC:        It protects you from cold.
   rN:        It protects you from negative energy.
   Stlth:     It makes you more stealthy.
 H - the +10 tower shield of Ignorance (worn) {rN+ Int-4}
   (You acquired it on level 1 of the Elven Halls)

   Int:       It affects your intelligence (-4).
   rN:        It protects you from negative energy.
 O - the +3 Mad Mage's Maulers (worn) {Infuse+∞ VampMP -Cast}
   (You acquired it on level 1 of the Elven Halls)

   Infuse+∞: It empowers its wearer's blows with all of their magic.
   VampMP:    Blows struck in melee replenish the wearer's magic.
   -Cast:     It prevents spellcasting.
 P - the +1 hat of Claustrophobia {Fly Str-4 Dex+6}
   (Okawaru gifted it to you on level 1 of the Lair of Beasts)

   Str:       It affects your strength (-4).
   Dex:       It affects your dexterity (+6).
   Fly:       It grants you flight.
 R - the +2 pair of slick slippers (worn) {slick, slippery, EV+4}
   (You found it in an ice cave)

   Slick:     Its wearer cannot be constricted, engulfed, netted or webbed.
   Slippery:  Its wearer slips away from damaging melee attacks, pulling the
   attacker onward.
   EV:        It affects your evasion (+4).
Jewellery
 a - a ring of protection from cold
 b - the ring "Utiuritt" (left hand) {rPois Str+6 Dex+3 Slay+2}
   (You acquired it on level 7 of the Dungeon)

   [ring of strength]

   Str:       It affects your strength (+6).
   Dex:       It affects your dexterity (+3).
   Slay:      It affects your accuracy & damage with ranged weapons and melee
   (+2).
   rPois:     It protects you from poison.
 f - the ring of Jeod Ofo {rN+ Dex+6 Stlth+}
   (You took it off a vault guard on level 5 of the Vaults)

   [ring of dexterity]

   Dex:       It affects your dexterity (+6).
   rN:        It protects you from negative energy.
   Stlth:     It makes you more stealthy.
 j - the ring of Nadow {Ice rCorr Int+3}
   (You took it off Josephina on level 2 of the Realm of Zot)

   [ring of ice]

   It enhances your ice magic.
   Int:       It affects your intelligence (+3).
   rF:        It makes you vulnerable to fire.
   rC:        It protects you from cold.
   rCorr:     It protects you from acid and corrosion.
 w - the ring of Iliw {rF+ Str+6 Int+2}
   (You found it on level 3 of the Elven Halls)

   [ring of strength]

   Str:       It affects your strength (+6).
   Int:       It affects your intelligence (+2).
   rF:        It protects you from fire.
 A - the ring of Ugorul {+Blink rPois rC+ Int-5}
   (You found it in the Desolation of Salt)

   [ring of poison resistance]

   Int:       It affects your intelligence (-5).
   rC:        It protects you from cold.
   rPois:     It protects you from poison.
   +Blink:    It lets you blink.
 G - an amulet of reflection (around neck)
 K - the ring "Wuoghop" {rPois Dex+6 Slay+2 SInv}
   (You found it on level 3 of the Elven Halls)

   [ring of dexterity]

   Dex:       It affects your dexterity (+6).
   Slay:      It affects your accuracy & damage with ranged weapons and melee
   (+2).
   rPois:     It protects you from poison.
   SInv:      It lets you see invisible.
 M - the ring of Lopriesaj (right hand) {rF+ Will+ Stlth+}
   (You took it off an orc knight on level 5 of the Vaults)

   [ring of protection from fire]

   rF:        It protects you from fire.
   Will:      It increases your willpower.
   Stlth:     It makes you more stealthy.
 W - the ring of Exurow {rElec Will+ Int+6}
   (You found it in the Desolation of Salt)

   [ring of intelligence]

   Int:       It affects your intelligence (+6).
   rElec:     It insulates you from electricity.
   Will:      It increases your willpower.
 X - a ring of resist corrosion
Wands
 c - a wand of flame (136)
 d - a wand of polymorph (24)
 e - a wand of iceblast (1)
 I - a wand of mindburst (54)
 J - a wand of digging (43)
 S - a wand of acid (16)
 U - a wand of roots (35)
Scrolls
 g - 9 scrolls of fog
 h - 15 scrolls of teleportation
 m - 7 scrolls of poison
 x - 6 scrolls of silence
 z - 12 scrolls of vulnerability
 L - 10 scrolls of fear
 Y - 4 scrolls of blinking
 Z - 4 scrolls of magic mapping
Potions
 i - 3 potions of might
 k - 4 potions of resistance
 n - 25 potions of curing
 o - 2 potions of mutation
 s - 4 potions of haste
 v - 4 potions of cancellation
 y - 8 potions of invisibility
 B - 4 potions of berserk rage
 E - 4 potions of heal wounds
 F - 9 potions of attraction
Miscellaneous
 p - a condenser vane
 r - a phial of floods (inert)
 T - a lightning rod (4/4)


   Skills:
 + Level 26.1 Fighting
 - Level 23.0 Long Blades
 - Level 19.0 Armour
 - Level 17.0 Dodging
 - Level 14.0 Stealth
 - Level 20.0 Shields
 - Level 18.0 Invocations
 - Level 16.0 Evocations


You had 26 spell levels left.
You didn't know any spells.
Your spell library contained the following spells:

 Spells                   Type           Power      Damage    Failure   Level
 Apportation              Tloc           0%         N/A       98%         1
 Foxfire                  Conj/Fire      0%         2x1d4     98%         1
 Kiss of Death            Conj/Necr      0%         2d5       98%         1
 Magic Dart               Conj           0%         1d3       98%         1
 Necrotise                Necr           0%         1d4       98%         1
 Sandblast                Erth           0%         2d4       98%         1
 Shock                    Conj/Air       0%         1d3       98%         1
 Sting                    Tmut/Pois      0%         1d3       98%         1
 Cigotuvi's Dreadful Rot  Necr/Pois/Air  0%         N/A       99%         2
 Ensorcelled Hibernation  Hex/Ice        0%         N/A       99%         2
 Momentum Strike          Conj/Tloc      0%         3d8       99%         2
 Passwall                 Tmut/Erth      0%         N/A       99%         2
 Poisonous Vapours        Pois/Air       0%         N/A       99%         2
 Scorch                   Fire           0%         2d5       99%         2
 Searing Ray              Conj           0%         2d4       99%         2
 Confusing Touch          Hex            0%         N/A       100%        3
 Dazzling Flash           Conj/Hex       0%         N/A       100%        3
 Frozen Ramparts          Ice            0%         1d1       100%        3
 Gell's Gravitas          Tloc           0%         N/A       100%        3
 Ignite Poison            Fire/Tmut/Pois 0%         N/A       100%        3
 Mephitic Cloud           Conj/Pois/Air  0%         N/A       100%        3
 Portal Projectile        Hex/Tloc       0%         N/A       100%        3
 Spider Form              Tmut/Pois      0%         N/A       100%        3
 Stone Arrow              Conj/Erth      0%         3d7       100%        3
 Swiftness                Air            0%         N/A       100%        3
 Teleport Other           Tloc           0%         N/A       100%        3
 Vhi's Electric Charge    Tloc/Air       0%         N/A       100%        3
 Volatile Blastmotes      Fire/Tloc      0%         2d10      100%        3
 Airstrike                Air            0%         2d(0-16)  100%        4
 Anguish                  Hex/Necr       0%         N/A       100%        4
 Cause Fear               Hex            0%         N/A       100%        4
 Dispel Undead            Necr           0%         3d6       100%        4
 Fulminant Prism          Conj/Hex       0%         3d5       100%        4
 Ice Form                 Ice/Tmut       0%         N/A       100%        4
 Iskenderun's Mystic Bla  Conj/Tloc      0%         2d3       100%        4
 Leda's Liquefaction      Hex/Erth       0%         N/A       100%        4
 Olgreb's Toxic Radiance  Pois           0%         N/A       100%        4
 Passage of Golubria      Tloc           0%         N/A       100%        4
 Petrify                  Tmut/Erth      0%         N/A       100%        4
 Sticky Flame             Conj/Fire      0%         2d3       100%        4
 Alistair's Intoxication  Tmut/Pois      0%         N/A       100%        5
 Arcjolt                  Conj/Air       0%         1d10      100%        5
 Blade Hands              Tmut           0%         N/A       100%        5
 Borgnjor's Vile Clutch   Necr/Erth      0%         N/A       100%        5
 Fireball                 Conj/Fire      0%         3d3       100%        5
 Freezing Cloud           Conj/Ice/Air   0%         6-21      100%        5
 Iskenderun's Battlesphe  Conj           0%         2d6       100%        5
 Lee's Rapid Deconstruct  Erth           0%         3d4*      100%        5
 Metabolic Englaciation   Hex/Ice        0%         N/A       100%        5
 Silence                  Hex/Air        0%         N/A       100%        5
 Yara's Violent Unravell  Hex/Tmut       0%         3d3       100%        5
 Conjure Ball Lightning   Conj/Air       0%         3x3d6     100%        6
 Dispersal                Tloc           0%         N/A       100%        6
 Eringya's Noxious Bog    Tmut/Pois      0%         N/A       100%        6
 Iron Shot                Conj/Erth      0%         9d1       100%        6
 Plasma Beam              Fire/Air       0%         2x1d11    100%        6
 Starburst                Conj/Fire      0%         6d3       100%        6
 Statue Form              Tmut/Erth      0%         N/A       100%        6
 Enfeeble                 Hex            0%         N/A       100%        7
 Orb of Destruction       Conj           0%         9d5       100%        7
 Discord                  Hex            0%         N/A       100%        8
 Lehudib's Crystal Spear  Conj/Erth      0%         10d2      100%        8
 Maxwell's Capacitive Co  Air            0%         ∞         100%        8
 Fire Storm               Conj/Fire      0%         5d1       100%        9
 Summon Small Mammal      Summ           Unusable   N/A       N/A         1
 Tukima's Dance           Hex            Unusable   N/A       N/A         3
 Animate Armour           Summ/Erth      Unusable   N/A       N/A         4
 Summon Ice Beast         Ice/Summ       Unusable   N/A       N/A         4
 Summon Forest            Summ/Tloc      Unusable   N/A       N/A         5
 Malign Gateway           Summ/Tloc      Unusable   N/A       N/A         7
 Summon Hydra             Summ           Unusable   N/A       N/A         7

Dungeon Overview and Level Annotations

Branches:
Dungeon (15/15)            Temple (0/1) D:7            Lair (5/5) D:9
 Shoals (4/4) Lair:3       Spider (4/4) Lair:3        Slime (5/5) Lair:4
    Orc (2/2) D:9             Elf (3/3) Orc:2        Vaults (5/5) D:14
  Crypt (1/3) Vaults:3     Depths (4/4) D:15            Zot (5/5) Depths:4
  IceCv (visited)         Volcano (visited)         Desolation (visited)

Altars:
Dithmenos
Elyvilon
Fedhas
Gozag
Hepliaklqana
Kikubaaqudgha
Makhleb
Okawaru
Qazlal
Uskayaw
Vehumet
The Shining One
Jiyva

Shops:
D:4 (   D:5 ((   D:9 *   D:14 (   D:15 [   Orc:2 (!!!   Elf:1 (?   Elf:3 (
Vaults:1 [[==*   Vaults:2 :   Vaults:5 [(   Depths:1 :=:   Depths:4 [

Portals:
Hell: Depths:1 Depths:2 Depths:3 Depths:4
Abyss: Depths:2 Depths:3
Pandemonium: Depths:1 Depths:2
Ziggurat: Depths:3


Innate Abilities, Weirdness & Mutations

You are agile. (Dex +4, Str/Int -1)
Your body sometimes deteriorates upon taking damage.
You are dopey. (Int -2)
Your magical capacity is low. (-10% MP)
You frequently scream uncontrollably at your foes.
You are covered in fur. (AC +1)
You are occasionally teleported next to monsters.
You occasionally lose the ability to drink potions when taking damage.


Message History

Press: ? - help, v - describe, . - travel
Here: a chaos spawn The floor.
Unknown command.
You climb upwards.
There is a stone staircase leading down here.
A reaper comes into view. It is wielding a +1 vampiric scythe.
There is a stone staircase leading up here.
You climb upwards.
There is a stone staircase leading down here.
There is a stone staircase leading up here.
You climb upwards.
There is a stone staircase leading down here.
You see here a +0 club.
There is an escape hatch in the ceiling here.
A mysterious force pulls you upwards. The hatch slams shut behind you.
A soul eater comes into view.
You scream at the soul eater!
Press: ? - help, v - describe, . - travel
Here: a soul eater (water) Some deep water.
Unknown command.
You slice the soul eater!! You freeze the soul eater.
The soul eater is heavily wounded.
You scream at the Hell Sentinel!
A Hell Sentinel comes into view.
You block the soul eater's attack. You block the soul eater's attack.
There is an open door here.
The soul eater attacks as you move away!
You block the soul eater's attack.
The soul eater attacks as you move away!
You block the soul eater's attack.
You see here a +0 leather armour.
There is an open door here.
The soul eater attacks as you move away!
The soul eater hits you but does no damage.
There is a staircase leading out of the dungeon here.
You block the soul eater's attack.
You have escaped!

........................#######.#
####...#.#........#####.........#
#.....#####...## #..##..####
##...#######...# #..##..#
#..............######..##..#
#.#..#####.#...........##..#
#.≈≈≈≈≈≈≈≈≈≈≈≈≈≈≈###..#.>..#
#.≈####≈≈≈≈≈####≈# #.#.###.##
#.≈#>.#######.@#≈# #..## ##.#
#.≈#..'.....+.3#≈###..# #.#
#.≈##'###'###'##≈#....## ##.#
#.≈≈#.#..(..#[#≈≈#.....###.##
#.≈≈#.#..#..#.#≈≈1........##
#.≈≈#.#..#..#1#≈≈#......###
###...'.'.8#8.'.'.........#
.###≈≈#.#..#..#.#≈≈######.#######
.###≈≈#.#..#..#.#≈≈# #.#......


You could see a Hell Sentinel and a soul eater.

Vanquished Creatures
  the Royal Jelly (Slime:5)
  Mennas (Vaults:4)
  6 orbs of fire
  3 dread liches
  2 ancient liches (Zot:5)
  Mara (Depths:3)
  Sojobo (Depths:3)
  Josephina (Zot:2)
  6 Killer Klowns
  A shard shrike (IceCv)
  Bai Suzhen (Shoals:4)
  2 curse toes
  6 caustic shrikes
  Nikola (Elf:3)
  13 golden dragons
  3 bone dragons
  Arachne (Spider:4)
  2 doom hounds (Crypt:1)
  2 electric golems
  Zenata (Elf:1)
  16 tentacled monstrosities
  Rupert (D:12)
  A walking earthen tome (Depths:3)
  7 deep elf blademasters
  23 Orb Guardians
  4 liches
  2 deep elf master archers (Elf:3)
  7 titans
  8 quicksilver dragons
  Grunn (Crypt:1)
  19 acid blobs
  Gastronok (D:9)
  3 ancient champions (Crypt:1)
  5 sphinxes
  Frances (D:12)
  The ghost of HOAXBANE the Zephyrmancer, an adept HuAr of Sif Muna (Spider:2)
  11 death cobs
  6 tentacled starspawn
  A kraken (Shoals:2)
  5 shadow dragons
  10 tengu reavers
  Roxanne (Arena)
  A revenant (Crypt:1)
  Agnes (D:15)
  3 draconian monks
  9 storm dragons
  10 azure jellies
  Donald (Lair:3)
  13 rockslimes
  5 draconian shifters
  4 emperor scorpions
  4 fire giants
  2 iron dragons
  5 deep elf sorcerers
  6 draconian knights
  5 draconian scorchers
  8 frost giants
  4 imperial myrmidons (Desolation)
  The ghost of Bolleh the Thaumaturge, a journeyman GnSk of Makhleb (Spider:2)
  The ghost of Kiokkeho the Brawler, a journeyman TrMo of Qazlal (D:13)
  7 ghost moths
  19 vault wardens
  2 deep elf elementalists (Elf:3)
  3 draconian stormcallers
  2 ghouls (Crypt:1)
  Aizul (Shoals:4)
  4 war gargoyles (Vaults:5)
  A quicksilver ooze (shapeshifter) (Vaults:5)
  A spriggan defender (Depths:3)
  4 orc warlords
  21 quicksilver oozes
  3 draconian annihilators
  25 very ugly things
  2 broodmothers
  A reaper (Depths:4)
  9 vampire knights
  20 ironbound preservers
  2 putrid mouths (Crypt:1)
  7 ironbound thunderhulks
  13 stone giants
  5 deep elf demonologists
  A halazid warlock (Desolation)
  9 green draconians
  8 black draconians
  7 deep elf annihilators
  A minotaur (Shoals:4)
  4 yellow draconians
  Azrael (D:15)
  19 dire elephants
  5 spark wasps
  9 purple draconians
  10 red draconians
  An acid blob zombie (Crypt:1)
  12 white draconians
  32 ettins
  6 fire dragons
  6 jiangshi
  2 crystal guardians
  4 merfolk javelineers
  7 ragged hierophants (Desolation)
  6 deep elf high priests
  9 deep elf death magi
  5 merfolk impalers
  12 great orbs of eyes
  3 rakshasas (Depths:1)
  10 entropy weavers
  15 yaktaur captains
  3 hell beasts
  2 hydras
  Harold (Lair:2)
  A fenstrider witch zombie (Crypt:1)
  8 peacekeepers
  17 centaur warriors
  6 ice dragons
  33 vault guards
  3 spriggan air magi
  A catoblepas (shapeshifter) (Vaults:5)
  5 ogre magi
  8 servants of whispers (Desolation)
  15 ironbound frosthearts
  6 jorogumos
  2 merfolk avatars
  8 satyrs
  2 catoblepae
  32 dancing weapons
  2 alligator snapping turtles
  7 deep troll shamans
  Erica (Orc:1)
  5 boulder beetles
  A boulder beetle (shapeshifter) (Vaults:5)
  5 death yaks (Lair:3)
  15 two-headed ogres
  5 merfolk aquamancers
  6 deep troll earth magi
  3 tengu warriors
  5 death knights
  4 orc high priests
  Urug (Orc:1)
  A shock serpent (shapeshifter) (Vaults:5)
  3 vampire magi (Crypt:1)
  2 spriggan berserkers
  3 hell knights (Depths:2)
  3 soul eaters
  22 deep elf knights
  2 spriggans (Depths:3)
  27 skeletal warriors
  2 spectral death yaks (Lair:5)
  4 wretched stars
  3 pharaoh ants
  A skyshark (shapeshifter) (Vaults:5)
  7 iron trolls
  A spectral anaconda (Lair:5)
  A quicksilver dragon simulacrum (Depths:2)
  A sixfirhy (Abyss:2)
  A bunyip zombie (Crypt:1)
  9 skysharks
  9 sea snakes
  A death drake (Abyss:4)
  4 flayed ghosts
  5 glowing orange brains
  9 orb spiders
  A sun moth (Spider:4)
  65 deep trolls
  10 phantasmal warriors
  A bog body (Crypt:1)
  Lodul (D:13)
  8 wizards
  An orange crystal statue (IceCv)
  11 deep elf archers
  26 ironbound convokers
  An obsidian statue (Lair:5)
  A bunyip skeleton (Abyss:3)
  31 deep elf pyromancers
  4 steelbarb worms
  28 deep elf zephyrmancers
  10 lindwurms
  11 orc knights
  22 harpies
  14 wolf spiders
  12 fauns
  The ghost of TangoThomas the Gusty, a novice DsAE (D:6)
  32 ugly things
  2 oklob plants (Lair:1)
  10 shining eyes
  38 moths of wrath
  22 manticores
  4 orc sorcerers
  10 necromancers
  A cyclops (shapeshifter) (Depths:2)
  2 cyclopes
  A will-o-the-wisp (Abyss:4)
  A moth of wrath (shapeshifter) (Vaults:5)
  8 merfolk sirens
  A worldbinder (Abyss:4)
  2 molten gargoyles (Desolation)
  4 guardian serpents (Desolation)
  22 vault sentinels
  A rust devil (D:6)
  16 elephants
  8 demonic crawlers
  2 black mambas
  A guardian serpent (shapeshifter) (Vaults:5)
  2 ice statues (D:15)
  6 torpor snails
  3 smoke demons
  128 slime creatures
  5 water nymphs
  2 eyes of devastation
  A storm dragon simulacrum (Zot:2)
  A gargoyle (D:10)
  9 cane toads
  A hellion (D:6)
  2 unseen horrors
  4 centaur skeletons (D:14)
  2 yaktaur skeletons (Vaults:4)
  5 kobold demonologists
  19 yaktaurs
  2 tengu conjurers
  7 freezing wraiths
  16 rime drakes
  10 komodo dragons
  A golden dragon simulacrum (Zot:2)
  A ghost moth simulacrum (Zot:2)
  35 merfolk
  A mana viper zombie (Crypt:1)
  4 human skeletons
  A tormentor (Crypt:1)
  An ancient zyme (Abyss:4)
  A guardian mummy (Crypt:1)
  2 hellwings
  An ice devil (Depths:4)
  8 trolls
  8 wind drakes
  A harpy zombie (Crypt:1)
  19 polar bears
  66 saltlings (Desolation)
  2 hornets (Depths:3)
  25 tarantellas
  2 blink frogs (shapeshifter)
  15 blink frogs
  9 dream sheep
  3 raiju
  A spectral elephant (Lair:5)
  3 air elementals
  10 large abominations
  A draconian simulacrum (Zot:2)
  25 jumping spiders
  7 snapping turtles
  An iron dragon simulacrum (Crypt:1)
  A centaur simulacrum (D:13)
  27 culicivoras
  Sigmund (D:2)
  A satyr skeleton (Crypt:1)
  2 ynoxinuls (Abyss:2)
  5 wraiths
  21 water elementals
  5 wyverns
  A dire elephant simulacrum (Lair:5)
  62 yaks
  6 small abominations
  5 basilisks
  A fire bat (Abyss:2)
  2 neqoxecs
  32 starcursed masses
  7 fire elementals (D:15)
  A hog (shapeshifter) (Spider:1)
  27 redbacks
  16 golden eyes
  A vampire mosquito (D:13)
  2 steam dragons
  A golden eye (shapeshifter) (D:13)
  5 wargs
  2 death yak simulacra (Lair:5)
  Menkaure (D:5)
  4 acid dragons
  A floating eye (shapeshifter) (D:13)
  A deep troll skeleton (Crypt:1)
  A floating eye (Depths:4)
  A hell hound (D:15)
  A swamp drake (shapeshifter) (Vaults:5)
  19 water moccasins
  2 ice beasts
  2 sky beasts
  2 black bears
  An elephant zombie (Lair:5)
  37 orc warriors
  18 centaurs
  A snapping turtle zombie (Crypt:1)
  15 wolves
  14 ogres
  A phantom (D:6)
  13 kobold brigands
  An earth elemental (Elf:1)
  2 gnoll sergeants
  3 scorpions
  17 bullfrogs
  2 necrophages (D:5)
  2 cane toad simulacra (Lair:5)
  10 wights
  A water moccasin zombie (D:5)
  2 elephant simulacra (Lair:5)
  3 killer bees (D:8)
  A spriggan skeleton (Crypt:1)
  The ghost of TangoThomas the Grave Robber, a weakling DsNe (D:3)
  2 howler monkeys
  2 electric eels
  A centaur zombie (D:5)
  A quasit (Abyss:3)
  5 human zombies
  19 orc priests
  A hound (D:6)
  2 jellies (D:6)
  A gnoll bouda (D:9)
  2 scorpion zombies (D:5)
  4 iguanas
  A boggart zombie (Crypt:1)
  24 orc wizards
  4 mummies
  Robin (D:4)
  17 gnolls
  A howler monkey zombie (D:5)
  12 adders
  2 shadow imps
  3 white imps
  2 adder zombies (D:5)
  A dart slug (D:1)
  92 orcs
  11 endoplasms
  5 giant cockroaches
  21 goblins
  4 hobgoblins
  9 jackals
  9 kobolds
  6 quokkas
  3 training dummies (Elf:1)
  7 ball pythons
  2 bats
  10 frilled lizards
  2 rats
  2 starspawn tentacles (Abyss:2)
  A tentacle (Shoals:2)
2594 creatures vanquished.

Vanquished Creatures (others)
  A deep elf knight (Elf:1)
  3 deep elf pyromancers
  A deep elf zephyrmancer (Shoals:2)
  2 manticores
  A moth of wrath (Zot:2)
  An elephant (Lair:5)
  A snapping turtle (Shoals:3)
  A water elemental (Shoals:4)
  A kobold brigand (D:6)
  6 foxfires (Abyss:4)
  16 starspawn tentacles
  10 tentacles (Shoals:2)
44 creatures vanquished.

Grand Total: 2638 creatures vanquished

Notes
Turn   | Place    | Note
-------+----------+-------------------------------------------
     0 | D:1      | HOAXBANE the Human Artificer began the quest for the Orb.
     0 | D:1      | Reached XP level 1. HP: 15/15 MP: 1/1
   138 | D:1      | Reached XP level 2. HP: 17/21 MP: 2/2
   445 | D:1      | Reached XP level 3. HP: 19/26 MP: 3/3
  1259 | D:2      | Reached XP level 4. HP: 32/32 MP: 4/4
  1271 | D:2      | Noticed Sigmund
  1280 | D:2      | Killed Sigmund
  1281 | D:2      | Reached XP level 5. HP: 22/37 MP: 2/5
  1281 | D:2      | Reached XP level 6. HP: 26/43 MP: 2/6
  2363 | D:3      | Found a hide-covered altar of Uskayaw.
  2463 | D:3      | Reached skill level 2 in Fighting
  2463 | D:3      | Reached XP level 7. HP: 27/51 MP: 3/7
  2595 | D:3      | Found a runed translucent door.
  2595 | D:3      | Noticed TangoThomas's ghost (weakling DsNe)
  2595 | D:3      | Noticed a water moccasin
  3112 | D:4      | Found Cyry's Antique Weapon Shop.
  3142 | D:4      | Found a blossoming altar of Fedhas.
  3271 | D:4      | Reached skill level 3 in Fighting
  3330 | D:4      | Identified the +3 kite shield of the World {rElec Int-5
                  | Dex+5}
  3420 | D:4      | Reached skill level 1 in Shields
  3537 | D:4      | Found a white marble altar of Elyvilon.
  3591 | D:4      | Noticed Robin
  3641 | D:4      | Killed Robin
  3642 | D:4      | Reached skill level 4 in Fighting
  3923 | D:5      | Entered Level 5 of the Dungeon
  3999 | D:5      | Noticed Menkaure
  4230 | D:5      | Killed Menkaure
  4231 | D:5      | Reached skill level 1 in Long Blades
  4231 | D:5      | Reached XP level 8. HP: 43/61 MP: 5/8
  4298 | D:5      | Found Ceamu's Weapon Emporium.
  4303 | D:5      | Bought a +0 great sword for 71 gold pieces
  4303 | D:5      | Bought 3 atropa-tipped darts for 29 gold pieces
  4383 | D:5      | Found a shadowy altar of Dithmenos.
  4383 | D:5      | Found an iron altar of Okawaru.
  4390 | D:5      | Became a worshipper of Warmaster Okawaru
  4417 | D:5      | Found Luogext's Hydra Hut.
  4424 | D:5      | Noticed a seven-headed hydra
  4612 | D:5      | Found an ancient bone altar of Kikubaaqudgha.
  4793 | D:6      | Found a radiant altar of Vehumet.
  4818 | D:6      | Reached skill level 5 in Fighting
  4978 | D:6      | Reached * piety under Okawaru
  4984 | D:6      | Reached XP level 9. HP: 21/68 MP: 4/9
  5145 | D:6      | Found a runed translucent gate.
  5149 | D:6      | Found a runed translucent gate.
  5149 | D:6      | Found a runed translucent gate.
  5149 | D:6      | Noticed TangoThomas's ghost (novice DsAE)
  5179 | D:6      | Reached skill level 1 in Invocations
  5466 | D:6      | Found a stormy altar of Qazlal.
  5706 | D:6      | Found a burning altar of Makhleb.
  5924 | D:6      | Found a hazy altar of Hepliaklqana.
  6392 | D:7      | Found a staircase to the Ecumenical Temple.
  6628 | D:7      | Reached skill level 5 in Shields
  6672 | D:7      | Reached skill level 5 in Long Blades
  6672 | D:7      | Reached skill level 5 in Dodging
  6973 | D:7      | Identified a scroll of acquirement
  6973 | D:7      | Acquired the ring "Utiuritt" {rPois Str+6 Dex+3 Slay+2}
  7024 | D:7      | Noticed Maggie
  7027 | D:7      | Maggie changed into Maggie the ice beast
  7027 | D:7      | Noticed Maggie
  7036 | D:7      | Killed Maggie the ice beast
  7630 | D:6      | Reached XP level 10. HP: 74/74 MP: 12/12
  7828 | D:7      | Reached ** piety under Okawaru
  7829 | D:7      | Reached skill level 5 in Armour
  8565 | D:8      | Reached skill level 5 in Invocations
  8846 | D:9      | Found a staircase to the Orcish Mines.
  8852 | D:9      | Noticed Gastronok
  8912 | D:9      | Reached *** piety under Okawaru
  8941 | D:9      | Killed Gastronok
  8942 | D:9      | Reached XP level 11. HP: 24/79 MP: 1/14
  9136 | D:9      | Reached **** piety under Okawaru
  9252 | D:9      | Found Gozag's Platinum Reserve.
  9300 | D:9      | Found an opulent altar of Gozag.
  9563 | D:9      | Found a staircase to the Lair.
 10321 | D:10     | Entered Level 10 of the Dungeon
 10520 | D:10     | Noticed a boulder beetle
 10533 | D:10     | Killed a boulder beetle
 10533 | D:10     | Received a gift from Okawaru
 11069 | D:10     | Noticed a sun demon
 11118 | D:10     | Reached ***** piety under Okawaru
 11657 | D:11     | Reached skill level 10 in Shields
 11657 | D:11     | Reached XP level 12. HP: 59/86 MP: 14/17
 11839 | D:11     | Identified the +3 ring mail "Atimuti" {Rampage rPois Will-
                  | Str-5}
 12204 | D:11     | Found a glowing golden altar of the Shining One.
 12993 | Lair:1   | Entered Level 1 of the Lair of Beasts
 13086 | Lair:1   | Received a gift from Okawaru
 13219 | Lair:1   | Found a dark tunnel.
 13228 | Volcano  | Entered a volcano
 13246 | Volcano  | Noticed an ogre mage
 13253 | Arena    | Entered the Arena
 13267 | Arena    | Killed an ogre mage
 13292 | Volcano  | Found a radiant altar of Vehumet.
 13293 | Volcano  | Noticed a two-headed ogre
 13294 | Volcano  | Noticed a two-headed ogre
 13300 | Volcano  | Noticed a two-headed ogre
 13311 | Volcano  | Killed a two-headed ogre
 13312 | Volcano  | Reached skill level 10 in Long Blades
 13315 | Volcano  | Killed a two-headed ogre
 13501 | Volcano  | Noticed a red draconian
 13519 | Volcano  | Noticed a two-headed ogre
 13532 | Volcano  | Killed a two-headed ogre
 13553 | Volcano  | Killed a red draconian
 13628 | Volcano  | Noticed a two-headed ogre
 13629 | Volcano  | Noticed a two-headed ogre
 13651 | Volcano  | Killed a two-headed ogre
 13712 | Volcano  | Killed a two-headed ogre
 13870 | Volcano  | Killed a two-headed ogre
 14105 | Lair:1   | Found a blossoming altar of Fedhas.
 14310 | Lair:1   | Identified the +1 hat of Claustrophobia {Fly Str-4 Dex+6}
                  | (Okawaru gifted it to you on level 1 of the Lair of Beasts)
 14310 | Lair:1   | Received a gift from Okawaru
 14487 | Lair:1   | Reached XP level 13. HP: 85/93 MP: 16/19
 14491 | Lair:1   | Reached skill level 6 in Fighting
 14753 | Lair:2   | Noticed a four-headed hydra
 14763 | Lair:2   | Killed an 11-headed hydra
 14764 | Lair:2   | Reached skill level 7 in Fighting
 14940 | Lair:2   | Reached skill level 8 in Fighting
 14955 | Lair:2   | Noticed a catoblepas
 15042 | Lair:2   | Reached skill level 9 in Fighting
 15382 | Lair:2   | Killed a catoblepas
 15519 | Lair:2   | Identified the orb of Daffodils {*channel, rC+ rCorr}
 15519 | Lair:2   | Noticed Harold
 15528 | Lair:2   | Killed Harold
 16100 | Lair:3   | Identified the +3 robe of Rakiefy {rF+ Str+3} (Okawaru
                  | gifted it to you on level 3 of the Lair of Beasts)
 16100 | Lair:3   | Received a gift from Okawaru
 16205 | Lair:3   | Found a hole to the Spider Nest.
 16352 | Lair:3   | Reached XP level 14. HP: 92/108 MP: 17/20
 17182 | Lair:3   | Found a staircase to the Shoals.
 18063 | Lair:4   | Identified the +0 pair of gloves "Plog" {Stlth+}
 18104 | Lair:4   | Found a staircase to the Slime Pits.
 18683 | Lair:5   | Entered Level 5 of the Lair of Beasts
 19000 | Lair:5   | Reached ****** piety under Okawaru
 19028 | Lair:5   | HP: 1/108 [skyshark (46)]
 19038 | Lair:5   | Identified the +6 double sword "Orent" {freeze, Int+3}
                  | (Okawaru gifted it to you on level 5 of the Lair of Beasts)
 19038 | Lair:5   | Received a gift from Okawaru
 19471 | Lair:5   | Reached XP level 15. HP: 60/113 MP: 10/21
 20649 | Lair:5   | Reached skill level 15 in Long Blades
 21589 | D:3      | Killed TangoThomas's ghost
 21593 | D:3      | Identified the +1 short sword of Uliy {flame, Str+4 Dex+4
                  | Stlth-}
 21720 | D:6      | Killed TangoThomas's ghost
 21878 | Orc:1    | Entered Level 1 of the Orcish Mines
 21878 | Orc:1    | Noticed Erica
 21905 | Orc:1    | Killed Erica
 21922 | Orc:1    | Found Askugygu's Vocational Training.
 21947 | Orc:1    | Bought a manual of Invocations for 960 gold pieces
 22090 | Orc:1    | Received a gift from Okawaru
 22317 | Orc:1    | Noticed an orc warlord
 22341 | Orc:1    | Killed an orc warlord
 22456 | Orc:1    | Noticed Urug
 22497 | Orc:1    | Killed Urug
 22700 | Orc:2    | Entered Level 2 of the Orcish Mines
 22802 | Orc:2    | Noticed an orc warlord
 22915 | Orc:2    | Killed an orc warlord
 22968 | Orc:2    | Reached skill level 10 in Invocations
 22990 | Orc:2    | Noticed an orc warlord
 23011 | Orc:2    | Killed an orc warlord
 23268 | Orc:2    | Paralysed by an orc sorcerer for 4 turns
 23275 | Arena    | Entered the Arena
 23516 | Orc:2    | Found Soubig's Antique Weapon Boutique.
 23516 | Orc:2    | Found Ygomejod's Distillery.
 23518 | Orc:2    | Found Wakkosm's Distillery.
 23518 | Orc:2    | Found Aseis's Distillery.
 23526 | Orc:2    | Bought a potion of heal wounds for 60 gold pieces
 23529 | Orc:2    | Bought a potion of mutation for 112 gold pieces
 23529 | Orc:2    | Gained mutation: You have a pair of small horns on your
                  | head. [potion of mutation]
 23529 | Orc:2    | Gained mutation: You are agile. (Dex +4, Str/Int -1)
                  | [potion of mutation]
 23734 | Orc:2    | Reached XP level 16. HP: 120/120 MP: 25/25
 23769 | Orc:2    | Found a staircase to the Elven Halls.
 23891 | Elf:1    | Entered Level 1 of the Elven Halls
 23998 | Elf:1    | Received a gift from Okawaru
 24336 | Elf:1    | Reached skill level 15 in Invocations
 24491 | Elf:1    | Paralysed by an air elemental for 1 turns
 24563 | Elf:1    | Received a gift from Okawaru
 24716 | Elf:1    | Noticed Zenata
 24868 | Elf:1    | Killed Zenata
 25107 | Elf:1    | Found Kilinuob's Firing Range.
 25159 | Elf:1    | Reached skill level 10 in Fighting
 25591 | Elf:1    | Found Muiss's Magic Scroll Emporium.
 26041 | D:12     | Noticed Frances
 26051 | D:12     | Killed Frances
 26388 | D:12     | Reached skill level 11 in Fighting
 26647 | D:12     | Identified the +0 chain mail of the Wild Haggis {Slay+3}
                  | (Okawaru gifted it to you on level 12 of the Dungeon)
 26647 | D:12     | Received a gift from Okawaru
 26870 | D:12     | Noticed Rupert
 26880 | D:12     | Killed Rupert
 26963 | D:13     | Reached XP level 17. HP: 133/133 MP: 29/29
 27108 | Orc:1    | Bought a manual of Evocations for 960 gold pieces
 27231 | D:13     | You fall into a shaft and drop 2 floors!
 27231 | D:15     | Entered Level 15 of the Dungeon
 27272 | D:15     | Found a frozen archway.
 27276 | D:15     | Found Bastryca's Armour Shop.
 27295 | IceCv    | Entered an ice cave
 27402 | IceCv    | Reached skill level 12 in Fighting
 27492 | IceCv    | Reached skill level 10 in Evocations
 27509 | IceCv    | Found the +2 pair of slick slippers {slick, slippery, EV+4}
 27539 | IceCv    | Noticed a shard shrike
 27588 | IceCv    | Killed a shard shrike
 27807 | IceCv    | Got the Reference Book on Overcast Cryomancy
 28362 | D:15     | Noticed Agnes
 28370 | D:15     | Killed Agnes
 28376 | D:15     | Reached skill level 13 in Fighting
 28520 | D:14     | Identified the +0 robe of the Sun {rPois rF+}
 28582 | D:14     | Found Mithy's Weapon Shoppe.
 29066 | D:14     | Found a gate to the Vaults.
 29282 | D:13     | Noticed a tengu reaver
 29287 | D:13     | Found a transporter.
 29289 | D:13     | Noticed Kiokkeho's ghost (journeyman TrMo)
 29291 | D:13     | Found a transporter.
 29478 | D:13     | Noticed Lodul
 29490 | D:13     | Killed Lodul
 30053 | D:15     | Identified the +0 chain mail of Sloth {Int+4} (Okawaru
                  | gifted it to you on level 15 of the Dungeon)
 30053 | D:15     | Received a gift from Okawaru
 30099 | D:15     | Identified Roxanne's Secrets of the Valley
 30099 | D:15     | Noticed Roxanne
 30100 | Arena    | Entered the Arena
 30121 | Arena    | Killed Roxanne
 30563 | D:15     | Reached skill level 5 in Stealth
 30563 | D:15     | Noticed Azrael
 30575 | D:15     | Killed Azrael
 30686 | D:15     | Reached XP level 18. HP: 136/145 MP: 30/30
 30696 | D:15     | Found a staircase to the Depths.
 31191 | Shoals:1 | Entered Level 1 of the Shoals
 31396 | Shoals:1 | Reached skill level 14 in Fighting
 31485 | Shoals:1 | Noticed Donald
 31503 | Lair:3   | Killed Donald
 31729 | Shoals:1 | Reached skill level 15 in Evocations
 31857 | Shoals:1 | Identified the +2 pair of boots of the Lion {*Slow rC+
                  | rCorr}
 33029 | Shoals:2 | Received a gift from Okawaru
 33551 | Shoals:2 | Identified the +0 ring mail of Thoughtfulness {*Corrode rF+
                  | rC+ Dex+2}
 33890 | Shoals:2 | Noticed a kraken
 33932 | Shoals:2 | Killed a kraken
 34770 | Shoals:3 | Noticed a titan
 35094 | Shoals:3 | Killed a titan
 35110 | Shoals:3 | Reached XP level 19. HP: 143/152 MP: 31/31
 35202 | Shoals:3 | Identified the +5 shortbow of the King {drain, +Blink rC+
                  | Str+2 Stlth+}
 35400 | Shoals:3 | Acquired 912 gold pieces
 35630 | Orc:2    | Bought a potion of might for 56 gold pieces
 35630 | Orc:2    | Bought a potion of invisibility for 112 gold pieces
 35630 | Orc:2    | Bought a potion of resistance for 140 gold pieces
 35641 | Orc:2    | Bought a potion of curing for 33 gold pieces
 35641 | Orc:2    | Bought a potion of curing for 33 gold pieces
 35641 | Orc:2    | Bought a potion of curing for 33 gold pieces
 35641 | Orc:2    | Bought 2 potions of curing for 66 gold pieces
 35641 | Orc:2    | Bought a potion of curing for 33 gold pieces
 35641 | Orc:2    | Bought a potion of curing for 33 gold pieces
 35752 | Elf:1    | Bought 2 scrolls of acquirement for 1352 gold pieces
 35752 | Elf:1    | Acquired the +10 tower shield of Ignorance {rN+ Int-4}
 35752 | Elf:1    | Found the +10 tower shield of Ignorance {rN+ Int-4}
 35786 | Elf:1    | Acquired the +3 Mad Mage's Maulers {Infuse+∞ VampMP -Cast}
 35786 | Elf:1    | Found the +3 Mad Mage's Maulers {Infuse+∞ VampMP -Cast}
 36047 | Shoals:4 | Entered Level 4 of the Shoals
 36232 | Shoals:4 | Noticed Aizul
 36668 | Shoals:4 | Killed Aizul
 36707 | Shoals:4 | Got the Anthology of the Felsic Familiar
 36908 | Shoals:4 | Reached skill level 15 in Shields
 37005 | Shoals:4 | Noticed Bai Suzhen
 37018 | Shoals:4 | Killed Bai Suzhen
 37273 | Shoals:4 | Got the Quarto of the Invisible Spirits
 38157 | Shoals:4 | Received a gift from Okawaru
 38356 | Shoals:4 | Got a barnacled rune of Zot
 39013 | Spider:1 | Entered Level 1 of the Spider Nest
 40211 | Spider:1 | Reached skill level 10 in Armour
 41764 | Spider:2 | Found a runed translucent gate.
 41764 | Spider:2 | Found a runed translucent gate.
 41764 | Spider:2 | Found a runed translucent gate.
 41765 | Spider:2 | Noticed Bolleh's ghost (journeyman GnSk)
 41765 | Spider:2 | Noticed HOAXBANE's ghost (adept HuAr)
 41786 | Spider:2 | Killed HOAXBANE's ghost
 41791 | Spider:2 | Killed Bolleh's ghost
 41792 | Spider:2 | Reached XP level 20. HP: 159/159 MP: 4/32
 42059 | Spider:2 | Identified the +0 swamp dragon scales of HOAXBANE's Valour
                  | {*Slow rPois Regen+ Str+8 Int-2} (Okawaru gifted it to you
                  | on level 2 of the Spider Nest)
 42059 | Spider:2 | Received a gift from Okawaru
 44961 | Spider:4 | Entered Level 4 of the Spider Nest
 46447 | Spider:4 | Noticed Arachne
 46463 | Spider:4 | Killed Arachne
 46464 | Spider:4 | Reached skill level 15 in Fighting
 46528 | Spider:4 | Received a gift from Okawaru
 47219 | Spider:4 | Got a gossamer rune of Zot
 47297 | Spider:4 | Reached skill level 10 in Dodging
 47297 | Spider:4 | Reached XP level 21. HP: 170/170 MP: 33/33
 48118 | Elf:1    | Bought a scroll of enchant armour for 97 gold pieces
 48118 | Elf:1    | Bought a scroll of enchant armour for 97 gold pieces
 48310 | Vaults:1 | Entered Level 1 of the Vaults
 48861 | Vaults:1 | Reached skill level 16 in Fighting
 48885 | Arena    | Entered the Arena
 48885 | Arena    | HP: 8/253 [ironbound convoker/+0 flail (22)]
 49283 | Vaults:1 | Found Vafrot's Assorted Antiques.
 49287 | Vaults:1 | Bought a potion of resistance for 220 gold pieces
 49454 | Vaults:1 | Reached XP level 22. HP: 179/179 MP: 3/34
 50183 | Vaults:1 | Found Ibage's Armour Shop.
 50228 | Vaults:1 | Found Itteazoz's Jewellery Emporium.
 50249 | Vaults:1 | Found Neyha's Armour Shoppe.
 50251 | Vaults:1 | Found Soceam's Jewellery Shoppe.
 50295 | Vaults:1 | Reached skill level 17 in Fighting
 50735 | D:13     | Killed Kiokkeho's ghost
 50755 | D:13     | Identified the +0 tower shield "Vitwoev" {Dex+3} (Okawaru
                  | gifted it to you on level 13 of the Dungeon)
 50755 | D:13     | Received a gift from Okawaru
 50998 | Elf:2    | Found the +4 robe of Folly {Brill Will-∞ Int+8}
 51180 | Elf:2    | Found a crumbling gateway.
 51200 | Desolati | Entered the Desolation of Salt
 52173 | Desolati | Got the Almanac of Doomed Shifting
 52230 | Desolati | Received a gift from Okawaru
 52537 | Desolati | Identified the +8 quarterstaff of Melee {pain, rElec rF-
                  | rC++ rN+}
 52546 | Desolati | Identified the ring of Ugorul {+Blink rPois rC+ Int-5}
 52689 | Desolati | Identified the ring of Exurow {rElec Will+ Int+6}
 52696 | Desolati | Identified the amulet of Kindness {Faith rPois}
 53178 | Elf:2    | Found a portal to a secret trove of treasure.
 53202 | Elf:2    | Found a runed translucent gate.
 53203 | Elf:2    | Found a runed translucent gate.
 53203 | Elf:2    | Found a runed translucent gate.
 53636 | Elf:2    | Reached skill level 15 in Armour
 53665 | Elf:2    | Reached XP level 23. HP: 102/187 MP: 3/35
 54270 | Elf:2    | Received a gift from Okawaru
 54932 | Elf:3    | Entered Level 3 of the Elven Halls
 55016 | Elf:3    | Found Berea's Antique Weapon Shoppe.
 55362 | Elf:3    | Identified the +2 halberd of Ziujym {vamp, rF+ rC+ Will-}
 55416 | Elf:3    | Reached skill level 10 in Stealth
 55821 | Elf:3    | Found the +6 shillelagh "Devastator" {shatter}
 55873 | Elf:3    | Identified the staff of earth "Vossaf" {Will- Int+6}
 55907 | Elf:3    | Identified the ring "Wuoghop" {rPois Dex+6 Slay+2 SInv}
 55921 | Elf:3    | Identified the ring of Iliw {rF+ Str+6 Int+2}
 55933 | Elf:3    | Identified the +1 double sword of Valour {flame, rElec
                  | Will- Int+10 Dex-3}
 55944 | Elf:3    | Got Spellcasting for Initiates
 55945 | Elf:3    | Identified the +0 crystal plate armour of Analysis {rC+ rN+
                  | Stlth+}
 55971 | Elf:3    | Identified the ring "Xeis" {Contam +Blink Fly Will+ Dex+5}
 56002 | Elf:3    | Gained mutation: You occasionally lose the ability to read
                  | scrolls when taking damage. [mutagenic glow]
 56052 | Elf:3    | Lost mutation: You are agile. (Dex +4, Str/Int -1) [potion
                  | of mutation]
 56052 | Elf:3    | Lost mutation: You have a pair of small horns on your head.
                  | [potion of mutation]
 56052 | Elf:3    | Gained mutation: You are strong-willed. (Will+) [potion of
                  | mutation]
 56052 | Elf:3    | Gained mutation: Your spells are a little harder to cast,
                  | but a little more powerful. [potion of mutation]
 56052 | Elf:3    | Gained mutation: Your spells are harder to cast, but more
                  | powerful. [potion of mutation]
 56756 | Elf:3    | Found an ancient bone altar of Kikubaaqudgha.
 56757 | Elf:3    | Noticed Nikola
 56884 | Elf:3    | Killed Nikola
 57266 | Slime:1  | Entered Level 1 of the Pits of Slime
 58677 | Slime:2  | Gained mutation: Armour fits poorly on your strangely
                  | shaped body. [a shining eye]
 58678 | Slime:2  | Gained mutation: You are weak. (Str -2) [a shining eye]
 58681 | Slime:2  | Gained mutation: You occasionally shout uncontrollably at
                  | your foes. [a shining eye]
 58685 | Slime:2  | Lost mutation: You are strong-willed. (Will+) [potion of
                  | mutation]
 58685 | Slime:2  | Lost mutation: You occasionally lose the ability to read
                  | scrolls when taking damage. [potion of mutation]
 58685 | Slime:2  | Gained mutation: Your mind is acute. (Int +4, Str/Dex -1)
                  | [potion of mutation]
 58685 | Slime:2  | Lost mutation: Your spells are harder to cast, but more
                  | powerful. [potion of mutation]
 58685 | Slime:2  | Gained mutation: You are partially covered in iridescent
                  | scales. (AC +2) [potion of mutation]
 58686 | Slime:2  | Lost mutation: Armour fits poorly on your strangely shaped
                  | body. [potion of mutation]
 58686 | Slime:2  | Lost mutation: Your mind is acute. (Int +4, Str/Dex -1)
                  | [potion of mutation]
 58686 | Slime:2  | Gained mutation: Potions are less effective at restoring
                  | your health. [potion of mutation]
 58686 | Slime:2  | Gained mutation: You are vulnerable to heat. (rF-) [potion
                  | of mutation]
 58686 | Slime:2  | Gained mutation: You have sharp fingernails. [potion of
                  | mutation]
 58687 | Slime:2  | Lost mutation: You are weak. (Str -2) [potion of mutation]
 58687 | Slime:2  | Lost mutation: You are vulnerable to heat. (rF-) [potion of
                  | mutation]
 58687 | Slime:2  | Lost mutation: Potions are less effective at restoring your
                  | health. [potion of mutation]
 58687 | Slime:2  | Gained mutation: You are frail. (-10% HP) [potion of
                  | mutation]
 58687 | Slime:2  | Gained mutation: Your spells are harder to cast, but more
                  | powerful. [potion of mutation]
 59376 | Slime:3  | Identified the +6 tower shield of Pock {Contam rN+++ rCorr
                  | Str+4} (Okawaru gifted it to you on level 3 of the Pits of
                  | Slime)
 59376 | Slime:3  | Received a gift from Okawaru
 59533 | Lair:4   | Lost mutation: You are partially covered in iridescent
                  | scales. (AC +2) [potion of mutation]
 59533 | Lair:4   | Lost mutation: You have sharp fingernails. [potion of
                  | mutation]
 59533 | Lair:4   | Lost mutation: Your spells are harder to cast, but more
                  | powerful. [potion of mutation]
 59533 | Lair:4   | Gained mutation: You are dopey. (Int -2) [potion of
                  | mutation]
 59533 | Lair:4   | Gained mutation: You are occasionally teleported next to
                  | monsters. [potion of mutation]
 59534 | Lair:4   | Lost mutation: You are occasionally teleported next to
                  | monsters. [potion of mutation]
 59534 | Lair:4   | Lost mutation: You are frail. (-10% HP) [potion of
                  | mutation]
 59534 | Lair:4   | Gained mutation: You occasionally lose the ability to drink
                  | potions when taking damage. [potion of mutation]
 59534 | Lair:4   | Gained mutation: Your body sometimes deteriorates upon
                  | taking damage. [potion of mutation]
 59534 | Lair:4   | Gained mutation: You have a somewhat thin skeletal
                  | structure. (Dex +2, Stealth+) [potion of mutation]
 60612 | Vaults:2 | Reached XP level 24. HP: 195/195 MP: 6/35
 61029 | Vaults:2 | Reached skill level 18 in Fighting
 62863 | Vaults:2 | Found Puoggilet's Book Boutique.
 63312 | Vaults:2 | Found the +18 shield of the Gong {Loud rN+ Will+ rCorr
                  | EV-5}
 64050 | Vaults:3 | Identified the +0 crystal plate armour of Fanaticism {rF++}
                  | (Okawaru gifted it to you on level 3 of the Vaults)
 64050 | Vaults:3 | Received a gift from Okawaru
 64378 | Vaults:3 | Identified the +3 arbalest of Defenestration {flame, rPois
                  | rN++}
 64970 | Vaults:3 | Found a staircase to the Crypt.
 65503 | Vaults:3 | Reached XP level 25. HP: 188/204 MP: 0/35
 67068 | Vaults:4 | Noticed Mennas
 67081 | Vaults:4 | Killed Mennas
 67286 | Vaults:4 | Identified the +0 plate armour of Spring {-Tele rElec
                  | Will+} (Okawaru gifted it to you on level 4 of the Vaults)
 67286 | Vaults:4 | Received a gift from Okawaru
 68917 | Vaults:5 | Entered Level 5 of the Vaults
 69383 | Vaults:5 | Identified the ring of Jeod Ofo {rN+ Dex+6 Stlth+}
 69395 | Vaults:5 | Got the Handbook of Ensorcelling
 69537 | Vaults:5 | Received a gift from Okawaru
 69877 | Vaults:5 | Identified the ring of Lopriesaj {rF+ Will+ Stlth+}
 70051 | Vaults:5 | Identified the staff of poison "Moymaiz" {rPois Will+}
 70055 | Vaults:5 | Reached XP level 26. HP: 211/211 MP: 9/35
 70135 | Vaults:5 | Identified the +4 dagger of Ashenzari's Grace {venom, rF+
                  | Str+2 Int+4}
 70135 | Vaults:5 | Identified the +1 leather armour "Dicethrui" {rPois Int+3}
 70427 | Vaults:5 | Identified the +1 leather armour of the Merchant {rPois
                  | Int+6 Dex-5}
 70601 | Vaults:5 | Identified the staff of fire "Buzib" {Fragile rF+ rN+ Str+4
                  | Dex+3}
 71190 | Vaults:5 | Found Voorroof's Armour Shoppe.
 71435 | D:9      | Bought the +1 robe "Ytruno" {Str+3 SInv} for 2320 gold
                  | pieces
 71568 | Elf:2    | You paid a toll of the robe "Ytruno" to enter a treasure
                  | trove
 71569 | Trove    | Entered a treasure trove
 71581 | Trove    | Identified the +0 pair of boots of the Grey Skies {rC-
                  | Will++ Str+3 Dex+4}
 71600 | Trove    | Identified the +0 cloak of the Endless Ultimatums {Fly rF+
                  | Stlth+}
 71603 | Trove    | Identified the +1 cloak of the Stone Wall {rPois rC+ rN+
                  | Stlth-}
 71620 | Trove    | Identified the +0 pair of gloves of Edeitow {Will+ Str+4
                  | Dex-2}
 72307 | Vaults:5 | Noticed a dread lich
 72314 | Vaults:5 | Killed a dread lich
 72328 | Vaults:5 | Got a silver rune of Zot
 72888 | Vaults:5 | Found Decsitz's Weapon Shoppe.
 73031 | Vaults:5 | Identified the staff of poison "Kuffutur" {rPois rN+}
 73605 | Crypt:1  | Entered Level 1 of the Crypt
 73947 | Crypt:1  | Received a gift from Okawaru
 74055 | Crypt:1  | Noticed Grunn
 74094 | Crypt:1  | Killed Grunn
 76636 | Slime:4  | Gained mutation: You passively dampen the noise of your
                  | surroundings. [a shining eye]
 76638 | Slime:4  | Gained mutation: You have hidden genetic defects. [a
                  | shining eye]
 76655 | Slime:5  | Entered Level 5 of the Pits of Slime
 76709 | Slime:5  | Received a gift from Okawaru
 76891 | Slime:4  | Reached XP level 27. HP: 183/217 MP: 4/35
 76993 | Slime:3  | Gained mutation: Your body often deteriorates upon taking
                  | damage. [a shining eye]
 77444 | Slime:4  | Received a gift from Okawaru
 77531 | Slime:3  | Gained mutation: Armour fits poorly on your strangely
                  | shaped body. [a shining eye]
 77971 | Slime:5  | Gained mutation: Potions are less effective at restoring
                  | your health. [hidden defects]
 78394 | Slime:5  | Found a viscous altar of Jiyva.
 78408 | Slime:5  | Reached skill level 15 in Dodging
 78456 | Slime:5  | Noticed the Royal Jelly
 78510 | Slime:5  | Killed the Royal Jelly
 79034 | Slime:5  | Identified the staff of conjuration "Dojemob" {rN++}
 79042 | Slime:5  | Got a slimy rune of Zot
 79043 | Slime:5  | Identified the +0 ring mail of a Labyrinth {-Tele Harm rC+}
 79115 | Slime:5  | Identified the ring "Fecuddis" {Ice rN+}
 79153 | Slime:5  | Got the Quarto of the Flashy Tektite
 79185 | Slime:5  | Identified the +1 plate armour "Ymivo" {rElec rC- Will+}
 79455 | Slime:5  | Lost mutation: Armour fits poorly on your strangely shaped
                  | body. [potion of mutation]
 79455 | Slime:5  | Lost mutation: You have a somewhat thin skeletal structure.
                  | (Dex +2, Stealth+) [potion of mutation]
 79455 | Slime:5  | Lost mutation: You occasionally shout uncontrollably at
                  | your foes. [potion of mutation]
 79810 | Depths:1 | Entered Level 1 of the Depths
 79822 | Depths:1 | Gained mutation: You are frail. (-10% HP) [hidden defects]
 79822 | Depths:1 | Lost mutation: You have hidden genetic defects. [hidden
                  | defects expressed]
 79833 | D:15     | Lost mutation: You passively dampen the noise of your
                  | surroundings. [potion of mutation]
 79833 | D:15     | Lost mutation: Potions are less effective at restoring your
                  | health. [potion of mutation]
 79833 | D:15     | Gained mutation: Your spells are harder to cast, but more
                  | powerful. [potion of mutation]
 79833 | D:15     | Lost mutation: You occasionally lose the ability to drink
                  | potions when taking damage. [potion of mutation]
 79833 | D:15     | Lost mutation: You are frail. (-10% HP) [potion of
                  | mutation]
 79833 | D:15     | Gained mutation: Your muscles are strong. (Str +4, Int/Dex
                  | -1) [potion of mutation]
 80161 | Depths:1 | Found Guisos's Book Shop.
 80161 | Depths:1 | Found Xawi's Jewellery Emporium.
 80162 | Depths:1 | Found Irog's Book Shop.
 80619 | Depths:1 | Found a one-way gate leading to the halls of Pandemonium.
 80866 | Depths:1 | Identified the scarf of Dutof {+Inv, rElec Regen+ Int-3
                  | Dex+3} (Okawaru gifted it to you on level 1 of the Depths)
 80866 | Depths:1 | Received a gift from Okawaru
 81014 | Depths:1 | Found a gateway to Hell.
 81356 | Depths:1 | Found a hide-covered altar of Uskayaw.
 81617 | Depths:1 | Found a hazy altar of Hepliaklqana.
 82784 | Depths:2 | Identified the +2 hand axe of Rubbish {venom, Str+6}
 83916 | Depths:2 | Identified the +0 whip "Kear" {heavy, rElec rC+}
 84276 | Depths:2 | Found a one-way gate to the infinite horrors of the Abyss.
 84713 | Depths:3 | Reached skill level 19 in Fighting
 84715 | Depths:3 | Noticed Sojobo
 84737 | Depths:3 | Killed Sojobo
 85108 | Depths:3 | Found a one-way gateway to a ziggurat.
 85113 | Depths:3 | Noticed Mara
 85151 | Depths:3 | Noticed HOAXBANE's illusion
 85155 | Depths:3 | Identified the +5 long sword of Patience {venom, Contam
                  | Str+3} (Okawaru gifted it to you on level 3 of the Depths)
 85155 | Depths:3 | Received a gift from Okawaru
 85188 | Depths:3 | Noticed HOAXBANE's illusion
 85190 | Depths:3 | Killed Mara
 85458 | Depths:3 | Reached skill level 20 in Fighting
 86200 | Depths:3 | Got the Compendium of the Burning Assassin
 86837 | Depths:4 | Entered Level 4 of the Depths
 86938 | Depths:4 | Reached skill level 21 in Fighting
 87323 | Depths:4 | Received a gift from Okawaru
 87323 | Depths:4 | Found the +7 Throatcutter {drain, coup de grace}
 87387 | Depths:4 | Found Qeoshaha's Armour Emporium.
 87399 | Depths:4 | Paralysed by a floating eye for 3 turns
 89089 | Depths:4 | Identified the +3 ring mail of Complete Protection {rN+
                  | Str+3 Dex+4}
 89234 | Depths:4 | Reached skill level 22 in Fighting
 89640 | Depths:4 | Found a gate to the Realm of Zot.
 89855 | Depths:3 | Voluntarily entered the Abyss.
 89865 | Abyss:2  | Found a corrupted altar of Lugonu.
 90063 | Abyss:2  | Found a corrupted altar of Lugonu.
 90133 | Abyss:2  | Paralysed by accursed screaming for 1 turns
 90414 | Depths:3 | Escaped the Abyss
 90535 | Depths:3 | Voluntarily entered the Abyss.
 90602 | Abyss:4  | Identified the +0 pair of gloves "Arig" {rN+ Int+3 Dex-4}
                  | (Okawaru gifted it to you on level 4 of the Abyss)
 90602 | Abyss:4  | Received a gift from Okawaru
 90626 | Abyss:4  | Lost mutation: Your spells are harder to cast, but more
                  | powerful. [a neqoxec]
 90725 | Abyss:4  | Paralysed by accursed screaming for 2 turns
 90766 | Abyss:5  | Reached skill level 23 in Fighting
 90770 | Depths:3 | Escaped the Abyss
 91246 | Zot:1    | Entered Level 1 of the Realm of Zot
 93563 | Zot:2    | Identified the ring of Nadow {Ice rCorr Int+3}
 93563 | Zot:2    | Noticed Josephina
 94412 | Zot:2    | Noticed a Killer Klown
 94538 | Zot:2    | Killed a Killer Klown
 94751 | Zot:2    | Killed Josephina
 95928 | Zot:2    | Noticed a Killer Klown
 95935 | Zot:2    | Killed a Killer Klown
 96544 | Zot:3    | Identified the +8 plate armour of the Unbearable God
                  | {Will+++ Int-5 Dex+2 SInv} (Okawaru gifted it to you on
                  | level 3 of the Realm of Zot)
 96544 | Zot:3    | Received a gift from Okawaru
 97853 | Zot:4    | Noticed an orb of fire
 97867 | Zot:4    | Gained mutation: You occasionally shout uncontrollably at
                  | your foes. [an orb of fire]
 97870 | Zot:4    | Gained mutation: Your magical capacity is low. (-10% MP)
                  | [an orb of fire]
 97874 | Zot:4    | Killed an orb of fire
100379 | Zot:5    | Entered Level 5 of the Realm of Zot
100899 | Zot:5    | Noticed an orb of fire
100900 | Zot:5    | Gained mutation: You frequently scream uncontrollably at
                  | your foes. [an orb of fire]
100965 | Zot:5    | Identified the +3 long sword of the Kissing Gods {flame,
                  | *Corrode Int+2 Dex+3 Stlth+} (Okawaru gifted it to you on
                  | level 5 of the Realm of Zot)
100965 | Zot:5    | Received a gift from Okawaru
101370 | Zot:5    | Noticed a Killer Klown
101386 | Zot:5    | Killed a Killer Klown
101387 | Zot:5    | Reached skill level 24 in Fighting
101412 | Zot:5    | Noticed a Killer Klown
101412 | Zot:5    | Noticed an orb of fire
101421 | Zot:5    | Killed a Killer Klown
101433 | Zot:5    | Killed an orb of fire
101446 | Zot:5    | Noticed an orb of fire
101465 | Zot:5    | Killed an orb of fire
101856 | Zot:5    | Noticed an orb of fire
101857 | Zot:5    | Noticed an orb of fire
101859 | Zot:5    | Noticed a Killer Klown
101864 | Zot:5    | Noticed an orb of fire
101867 | Zot:5    | Noticed a Killer Klown
101871 | Zot:5    | Killed a Killer Klown
101872 | Zot:5    | Reached skill level 25 in Fighting
101872 | Zot:5    | Noticed a dread lich
101873 | Zot:5    | Killed an orb of fire
101879 | Zot:5    | Lost mutation: Your muscles are strong. (Str +4, Int/Dex
                  | -1) [an orb of fire]
101880 | Zot:5    | Noticed an ancient lich
101881 | Zot:5    | Killed an orb of fire
101893 | Zot:5    | Killed a Killer Klown
101903 | Zot:5    | Killed a dread lich
101913 | Zot:5    | Noticed a dread lich
101919 | Zot:5    | Received a gift from Okawaru
101920 | Zot:5    | Noticed an ancient lich
101932 | Zot:5    | Killed a dread lich
101945 | Zot:5    | Killed an ancient lich
101959 | Zot:5    | Killed an ancient lich
102234 | Zot:5    | Got the Orb of Zot
102246 | Zot:5    | Lost mutation: Your spells are a little harder to cast, but
                  | a little more powerful. [an orb of fire]
102270 | Zot:5    | Gained mutation: You are vulnerable to cold. (rC-) [an orb
                  | of fire]
102272 | Zot:5    | Gained mutation: You occasionally lose the ability to drink
                  | potions when taking damage. [an orb of fire]
102274 | Zot:5    | Killed an orb of fire
102275 | Zot:5    | Reached skill level 26 in Fighting
102275 | Zot:5    | Lost mutation: You are vulnerable to cold. (rC-) [potion of
                  | mutation]
102275 | Zot:5    | Lost mutation: Your body often deteriorates upon taking
                  | damage. [potion of mutation]
102275 | Zot:5    | Gained mutation: You are covered in fur. (AC +1) [potion of
                  | mutation]
102275 | Zot:5    | Gained mutation: You are occasionally teleported next to
                  | monsters. [potion of mutation]
102275 | Zot:5    | Gained mutation: You are agile. (Dex +4, Str/Int -1)
                  | [potion of mutation]
102496 | Zot:1    | Noticed Juaph the pandemonium lord
102591 | Depths:4 | Noticed a seraph
102672 | Depths:2 | Noticed Ciahogo the pandemonium lord
103106 | D:$      | Escaped with the Orb!

Illustrated notes

Levels and vault maps discovered:
D:1:      heliophobic_arrival_glass_houses, layout_loops_ring,
          minmay_lizard_pond
D:2:      layout_loops_ring, uniq_sigmund
D:3:      layout_rooms, mainiacjoe_overflow_concentric_impassable,
          ebering_ghost_inner_flame, minmay_statues_item,
          chequers_serial_rivers_small_a, guppyfry_early_lair_pool
D:4:      layout_rooms, elyvilon_altar_3, overflow_temple_1_default,
          serial_shops, shop, minmay_distorted, uniq_robin
D:5:      layout_rooms, lemuel_mausoleum_altar_kikubaaqudgha,
          gammafunk_temple_overflow_elements, serial_shops,
          nicolae_shop_pleasant_corner_grove, doesnt_shop_hydraphobe,
          uniq_menkaure
D:6:      layout_basic, nicolae_vehumet_altar_sigil,
          nicolae_qazlal_eye_of_the_storm, mainiacjoe_overflow_six_doors_small,
          mainiacjoe_overflow_alcove_2, gammafunk_ghost_nasty_kobolds,
          minmay_misc_feat_diagonals
D:7:      layout_loops_corners, temple_statues, uniq_maggie
D:8:      layout_loops_ring
D:9:      layout_layer_cave, nicolae_gozag_zags_fifth_avenue,
          due_lair_maze_entry_diamond, orc_0_dummy, feat_on_display,
          uniq_gastronok
D:10:     nicolae_whirlpool, layout_irregular_city
D:11:     layout_grid_maze, tso_metal_star
D:12:     layout_roguey [special_room_orc], nicolae_hexahallways,
          chequers_garden, uniq_frances, uniq_rupert
D:13:     layout_roguey, gammafunk_ghost_arena, uniq_lodul
D:14:     layout_basic, hangedman_vaults_entry_quadrant_bands,
          hangedman_abyss_or_decor_slice, serial_shops, shop,
          chequers_mini_garden
D:15:     grunt_enter_depths_hoard, layout_irregular_city,
          dreamdust_princess_corridor, serial_shops, shop,
          portal_ice_cave_entry_ice_statue_two, uniq_agnes, uniq_azrael,
          uniq_roxanne
Lair:1:   layout_regular_city, nicolae_volcano_entry_hallway,
          serial_bayou_ford_a, hangedman_tree_tricks, beast_lair_carwin_2
Lair:2:   dreamdust_cave_troll, layout_big_grid, lemuel_fruit_tree, uniq_harold
Lair:3:   layout_loops_ring, minmay_shoals_entry_hut,
          nicolae_spider_entry_tight_spaces, grunt_megastairs_1
Lair:4:   layout_layer_cave, slime_entry_1, beast_lair_carwin_4,
          grunt_megastairs_2, infiniplex_staircase_pool_2
Lair:5:   due_jungle_book, layout_layer_cave, minivault_25
Shoals:1: layout_shoals, uniq_donald
Shoals:2: nicolae_shoals_deep_elves_summer_vacation, layout_shoals
Shoals:3: cheibrodos_shoals_gigantism, layout_shoals
Shoals:4: shoals_end_hellmonk_lost_city, uniq_bai_suzhen, uniq_aizul
Spider:1: layout_spider_delve, drop_trap, hellmonk_deceptive_appearances
Spider:2: layout_spider_delve, gammafunk_ghost_cemetery
Spider:3: layout_spider_delve
Spider:4: johnstein_spider_rune_arachne_lair, nicolae_spider_twisty_arc_passages
Slime:1:  layout_caves
Slime:2:  layout_caves
Slime:3:  layout_caves
Slime:4:  layout_caves, special_room [special_room_jelly]
Slime:5
Orc:1:    layout_caves, basic_altar, nicolae_shop_vocational, uniq_urug,
          uniq_erica
Orc:2:    grunt_orc_tribal_feast, layout_diamond_mine
Elf:1:    layout_geoelf_grid, serial_shops, nicolae_shop_rolled_up,
          minmay_elf_demonology, nicolae_shop_firing_range, uniq_zenata
Elf:2:    nicolae_elf_blades_crystal_corner, layout_geoelf_octagon,
          portal_desolation_entry_nicolae_slug, enter_trove_6,
          dreamdust_deal_with_the_devil
Elf:3:    minmay_elf_hall_circle, layout_geoelf_grid, basic_altar, serial_shops,
          nicolae_square_shop, nicolae_fountain_basement, uniq_nikola
Vaults:1: v_rooms_4, hangedman_vaults_stretched_pinwheel,
          nicolae_vaults_security_offices_3, v_rooms_1,
          vaults_room_grunt_arrival_ludios, ontoclasm_vaults_pinch, v_misc_24,
          nicolae_vaults_diamond_2, nicolae_vaults_tetromino_L_1,
          layout_vaults_omnigrid, serial_shops, nicolae_shop_tiny_glass,
          nicolae_shop_mannequins, shop, shop_statue,
          nicolae_shop_back_alley_shop
Vaults:2: nicolae_vaults_house_2, nicolae_vaults_frosty_reception,
          nicolae_vaults_weapon_check, vaults_room_boxed,
          nicolae_vaults_more_shelving_2, ontoclasm_vaults_decontamination,
          nicolae_vaults_trapezoid_3, v_rooms_5,
          nicolae_vaults_offset_grid_hallway_3, nicolae_vaults_little_squares_6,
          nicolae_vaults_border_crossing, hellmonk_guarded_unrand_gong,
          layout_vaults_big_cross, serial_shops, nicolae_shop_tiny_statue_garden
Vaults:3: nicolae_vaults_yaktaur_gun_rack, vaults_mumra_hex,
          ontoclasm_vaults_tryst, nicolae_vaults_two_Ls,
          blue_anna_dwarven_crypt, hangedman_vaults_maws,
          nicolae_vaults_cornered_office, nicolae_vaults_theta,
          grunt_vaults_focal, hangedman_vaults_slice, nicolae_vaults_tangram_1,
          nicolae_vaults_hexular_roomagon, hangedman_vaults_corner,
          nicolae_vaults_quartermaster, vaults_mumra_chevron, layout_vaults_maze
Vaults:4: vaults_room_ringed_pool, hangedman_vaults_hat,
          nicolae_vaults_surprise_closet, v_misc_26,
          nicolae_vaults_closet_pinwheel_4, v_misc_13, grunt_vaults_funnel,
          vaults_room_door_ring, layout_vaults_big_room, uniq_mennas
Vaults:5: serial_shops
Crypt:1:  layout_regular_city, minivault_5, grunt_crypt_arrival_guarded_gate,
          uniq_grunn
Depths:1: layout_gridlike, rand_demon_pan_entry_5, hell_entry,
          nicolae_hepliaklqana_hippocampus, nicolae_uskayaw_dance_hall,
          minmay_shop_grove
Depths:2: grunt_double_whammy, layout_long_grid, pan_entry,
          grunt_mini_vestibule, abyss_entry_small_statue_room,
          reono_crystal_passage
Depths:3: kennysheep_large_spiral, layout_basic, enter_ziggurat_d, abyss_entry,
          serial_bayou_lagoon_a, hell_entry, uniq_margery, uniq_mara,
          uniq_sojobo
Depths:4: grunt_zot_entry_hairpin, layout_honeycomb, grunt_decor_one_mirror,
          hell_entry, serial_glass, glass_columns_a, glass_columns_a,
          glass_columns_a, glass_columns_b, glass_columns_b, glass_columns_a,
          serial_shops, shop, minmay_fountain_box
Zot:1:    layout_misc_corridors
Zot:2:    layout_basic, uniq_josephina
Zot:3:    layout_concentric_octagons, zot_minivault_4
Zot:4:    layout_cathedral_of_symmetry
Zot:5:    layout_gridlike, st_stairs_3

Skill      XL: |  1  2  3  4  5  6  7  8  9 10 11 12 13 14 15 16 17 18 19 20 21 22 23 24 25 26 27 |
---------------+----------------------------------------------------------------------------------+-----
Evocations     | 4 6 7 8 9 13 16 | 16.0
Fighting       | 2 4 5 9 11 13 14 15 16 17 18 26 | 26.1
Shields        | 2 3 5 8 10 13 16 18 19 20 | 20.0
Long Blades    | 1 3 5 6 8 11 13 16 17 18 20 23 | 23.0
Dodging        | 2 3 5 9 10 13 17 | 17.0
Invocations    | 3 5 7 8 12 17 18 | 18.0
Armour         | 4 5 9 11 13 15 18 19 | 19.0
Stealth        | 3 5 12 14 | 14.0

Action                     |  1- 3 |  4- 6 |  7- 9 | 10-12 | 13-15 | 16-18 | 19-21 | 22-24 | 25-27 || total
---------------------------+-------+-------+-------+-------+-------+-------+-------+-------+-------++-------
  Melee: Club              |    89 |       |       |       |       |       |       |       |       ||    89
         Dagger            |    26 |       |       |       |       |       |       |       |       ||    26
         Falchion          |    34 |     3 |   469 |       |       |       |       |       |       ||   506
         Halberd           |       |   132 |    70 |       |       |       |       |       |       ||   202
         Long sword        |       |       |    36 |   114 |       |       |       |       |   144 ||   294
         Scimitar          |       |       |       |   300 |       |       |       |       |       ||   300
         Demon blade       |       |       |       |   111 |   598 |       |       |       |       ||   709
         Double sword      |       |       |       |       |   454 |  1126 |   739 |  1239 |  2753 ||  6311
         Headbutt          |       |       |       |       |     1 |   347 |   173 |   158 |       ||   679
  Throw: Dart              |       |       |    20 |    34 |    21 |    10 |       |       |       ||    85
         Throwing net      |       |       |       |       |     1 |       |       |       |       ||     1
 Invoke: Heroism           |       |       |     4 |     3 |     7 |     9 |     4 |     1 |     4 ||    32
         Duel              |       |       |       |     1 |     1 |     1 |     1 |       |       ||     4
         Finesse           |       |       |       |       |     5 |    11 |     7 |     2 |     8 ||    33
Ability: Evoke Blink       |       |       |       |       |       |       |       |     7 |     3 ||    10
  Evoke: Wand              |       |     9 |     5 |    10 |     5 |    16 |     6 |     4 |     9 ||    64
         Condenser vane    |       |       |       |       |     1 |       |       |     1 |     2 ||     4
         Lightning rod     |       |       |       |       |       |       |     3 |       |     5 ||     8
         Phial of floods   |       |       |       |       |       |       |     1 |       |     3 ||     4
    Use: Scroll            |     2 |     3 |    14 |    15 |     4 |     5 |    11 |     2 |    13 ||    69
         Potion            |       |       |       |     2 |     8 |     6 |    14 |     7 |    29 ||    66
   Stab: Sleeping          |       |       |       |     7 |     3 |     2 |       |     3 |    39 ||    54
         Distracted        |       |       |       |     3 |       |       |       |     4 |    14 ||    21
         Petrified         |       |       |       |       |     1 |       |       |       |       ||     1
         Invisible         |       |       |       |       |     4 |       |       |       |       ||     4
 Armour: Scale mail        |    64 |   101 |   230 |    11 |   226 |   119 |    15 |       |       ||   766
         Steam dragon scal |       |       |     6 |    93 |       |       |       |       |       ||    99
         Storm dragon scal |       |       |       |       |       |       |   108 |   183 |   406 ||   697
         Skin              |       |       |       |       |       |       |    14 |       |       ||    14
  Dodge: Dodged            |    93 |    70 |   204 |   217 |   330 |   365 |   180 |   270 |   761 ||  2490
  Block: Kite shield       |       |       |   395 |   423 |   767 |   883 |   192 |       |       ||  2660
         Reflection        |       |       |       |       |     8 |    99 |    45 |    90 |    93 ||   335
         Tower shield      |       |       |       |       |       |       |   832 |  1590 |  3351 ||  5773
